 Dungeon Crawl Stone Soup version 0.31-a0-841-g038b102fc3 (webtiles) character file.

Game seed: 5415441627758377283

4848 Kurtz the Cleaver (level 10, -12/65 HPs)
             Began as an Octopode Fighter on Sept 27, 2023.
             Was a Priest of Okawaru.
             Mangled by Maggie
             ... wielding a +2 heavy halberd
              (33 damage)
             ... on level 9 of the Dungeon.
             The game lasted 00:10:17 (8335 turns).

Kurtz the Cleaver (Octopode Fighter)                Turns: 8335, Time: 00:10:18

Health: -12/65     AC:  1    Str: 24    XL:     10   Next: 49%
Magic:  8/10       EV: 21    Int: 11    God:    Okawaru [***...]
Gold:   384        SH:  8    Dex: 22    Spells: 9/9 levels left

rFire   + . .        x - +10 hand axe "Cumipt" {freeze, rN+ rCorr Dex+3 Stlth+}
rCold   . . .        b - +0 buckler
rNeg    + . .        (helmet restricted)
rPois   .            o - amulet of faith
rElec   .            l - +6 ring of strength
rCorr   +            p - +6 ring of dexterity
SInv    .            G - ring of protection from fire
Will    .....        (no ring)
Stlth   +++++        (no ring)
HPRegen 0.30/turn    (no ring)
MPRegen 0.12/turn    (no ring)
                     (no ring)

%: faith
@: heroic, mesmerised
A: almost no armour, amphibious, 8 rings, camouflage 1, gelatinous body 1,
(nimble swimmer 1), tentacles
a: Renounce Religion, Heroism


You were on level 9 of the Dungeon.
You worshipped Okawaru.
Okawaru was most pleased with you.
You visited 2 branches of the dungeon, and saw 10 of its levels.

You collected 384 gold pieces.

Inventory:

Hand Weapons
 a - a +0 war axe
 x - the +10 hand axe "Cumipt" (weapon) {freeze, rN+ rCorr Dex+3 Stlth+}
   (You found it on level 2 of the Dungeon)

   Dex+3:     It affects your dexterity (+3).
   rN+:       It protects you from negative energy.
   rCorr:     It protects you from acid and corrosion.
   Stlth+:    It makes you more stealthy.
 y - a +2 heavy flail
Missiles
 k - 19 poisoned darts (quivered)
Armour
 b - a +0 buckler (worn)
 H - an orb of mayhem
Jewellery
 c - a ring of wizardry
 l - a +6 ring of strength (left tentacle)
 o - an amulet of faith (around mantle)
 p - a +6 ring of dexterity (right tentacle)
 G - a ring of protection from fire (on tentacle)
Wands
 d - a wand of iceblast (18)
 s - a wand of light (11)
 E - a wand of flame (29)
Scrolls
 i - 5 scrolls of identify {unknown}
 j - a scroll of revelation {unknown}
 q - 4 scrolls of teleportation {unknown}
 t - 3 scrolls of fear {unknown}
 w - a scroll of immolation {unknown}
 A - a scroll of amnesia {unknown}
 B - 3 scrolls of brand weapon {unknown}
 C - a scroll of poison {unknown}
 D - 2 scrolls of fog {unknown}
 I - a scroll of enchant weapon {unknown}
Potions
 e - a potion of magic {unknown}
 f - a potion of mutation {unknown}
 g - 3 potions of lignification
 h - a potion of experience {unknown}
 m - a potion of ambrosia {unknown}
 n - 2 potions of degeneration {unknown}
 r - a potion of cancellation {unknown}
 u - 2 potions of attraction {unknown}
 v - 5 potions of curing {unknown}
 z - 4 potions of brilliance {unknown}
 F - a potion of might


   Skills:
 + Level 4.6(9.6) Fighting
 * Level 13.3(18.3) Axes
 * Level 5.4(10.4) Dodging
 * Level 5.2(10.2) Shields


You had 9 spell levels left.
You didn't know any spells.
Your spell library contained the following spells:

 Spells                   Type           Power      Damage    Failure   Level
 Apportation              Tloc           0%         N/A       36%         1
 Necrotise                Necr           0%         1d4       36%         1
 Slow                     Hex            0%         N/A       36%         1
 Blink                    Tloc           0%         N/A       52%         2
 Jinxbite                 Hex            0%         N/A       52%         2
 Lesser Beckoning         Tloc           0%         N/A       52%         2
 Confusing Touch          Hex            0%         N/A       75%         3
 Gell's Gravitas          Tloc           0%         N/A       75%         3
 Sigil of Binding         Hex            0%         N/A       75%         3
 Teleport Other           Tloc           0%         N/A       75%         3
 Vampiric Draining        Necr           0%         2d6       75%         3
 Leda's Liquefaction      Hex/Erth       0%         N/A       98%         4
 Manifold Assault         Tloc           0%         N/A       98%         4
 Agony                    Necr           0%         N/A       100%        5
 Alistair's Intoxication  Tmut/Pois      0%         N/A       100%        5
 Lee's Rapid Deconstruct  Erth           0%         3d4*      100%        5
 Bombard                  Conj/Erth      0%         9d1       100%        6
 Summon Small Mammal      Summ           Unusable   N/A       N/A         1

Dungeon Overview and Level Annotations

Branches:
Dungeon (9/15)             Temple (1/1) D:7            Lair (0/5) D:8
    Orc: D:9-12

Altars:
Ashenzari
Cheibriados
Dithmenos
Elyvilon
Fedhas
Gozag
Hepliaklqana
Kikubaaqudgha
Makhleb
Nemelex Xobeh
Okawaru
Qazlal
Ru
Sif Muna
Trog
Uskayaw
Vehumet
Wu Jian
Xom
Yredelemnul
Zin
The Shining One

Annotations:
D:9 Maggie


Innate Abilities, Weirdness & Mutations

You cannot wear most types of armour.
You are amphibious.
You can wear up to eight rings at the same time.
Your skin changes colour to match your surroundings (Stealth+).
Your rubbery body absorbs attacks. (AC +1, EV +1)
((You are camouflaged when in or above water. (Stealth+)))
You have tentacles for arms and can constrict up to eight enemies at once.


Message History

You constrict the orc wizard. You block the orc wizard's attack.
You slash the orc wizard! You freeze the orc wizard.
You kill the orc wizard!
Okawaru accepts your kill.
No target in view!
Things that are here:
a +0 dagger; a +0 robe Maggie the Vainglorious comes into view.
She is wielding a +2 heavy halberd.
Maggie gestures wildly while chanting.
Maggie attempts to bespell you! You resist with almost no effort.
You fail to use your ability.
Maggie gives herself a magical halo, but it quickly sputters out.
Maggie points at you and mumbles some strange words.
The bolt of fire misses you.
You gain the combat prowess of a mighty hero.
Maggie hits you with a +2 heavy halberd!
You hit Maggie but do no damage. You grab Maggie. You constrict Maggie.
Maggie mumbles some strange words.
Maggie attempts to bespell you!
You are mesmerised by Maggie!
You slash Maggie! You freeze Maggie.
Maggie is moderately wounded.
You constrict Maggie. You hit Maggie. You freeze Maggie.
You tentacle-slap Maggie, but do no damage.
You squeeze Maggie, but do no damage.
Maggie is moderately wounded.
You constrict Maggie.
Maggie hits you with a +2 heavy halberd!!
You hit Maggie. You freeze Maggie.
Maggie is heavily wounded.
You constrict Maggie.
Unknown command.
You hit Maggie. You freeze Maggie. Your squeeze misses Maggie.
Maggie is heavily wounded.
You constrict Maggie.
A howler monkey comes into view.
Maggie hits you with a +2 heavy halberd!!
Ouch! That really hurt!
You die...

.......##.)....o.......
...o.$.''..............
........##..............
.....#####..............
.... +...'..............
....#####..............
...h..........###).....
#'#.##.#########.....(
#.@@...............)
#..#####..)......... #..
###)###.....## #..
#.....##.#### ...
#..........# #...
##.......##### #...
#.......###.# #...
###.....#...#
#....##...#


You could see Maggie (mesmerising) and a howler monkey (wandering).

Vanquished Creatures
  Jeremiah (D:6)
  5 yaks (D:8)
  A steam dragon (D:8)
  Eustachio (D:5)
  Edmund (D:6)
  2 wargs (D:8)
  A water moccasin (D:8)
  An ice beast (D:7)
  A sky beast (D:6)
  A black bear (D:8)
  4 orc warriors
  3 ogres
  A phantom (D:6)
  2 kobold brigands
  3 bullfrogs
  5 scorpions
  11 wights
  A howler monkey (D:9)
  5 hounds
  2 jellies
  2 orc priests
  4 sleepcaps
  2 iguanas
  12 orc wizards
  5 adders
  4 gnolls
  A white imp (D:6)
  An ufetubus (D:4)
  3 dart slugs
  19 orcs
  7 endoplasms
  A giant cockroach (D:2)
  3 goblins
  4 hobgoblins
  8 kobolds
  7 ball pythons
  A bat (D:2)
  2 frilled lizards
  5 rats
143 creatures vanquished.

Vanquished Creatures (others)
  A frilled lizard (D:1)
1 creature vanquished.

Grand Total: 144 creatures vanquished

Notes
Turn   | Place    | Note
-------+----------+-------------------------------------------
     0 | D:1      | Kurtz the Octopode Fighter began the quest for the Orb.
     0 | D:1      | Reached XP level 1. HP: 16/16 MP: 1/1
   187 | D:1      | Reached XP level 2. HP: 19/21 MP: 2/2
   793 | D:2      | Reached skill level 3 in Axes
   883 | D:2      | Found a faded altar of an unknown god.
   952 | D:2      | Reached XP level 3. HP: 26/26 MP: 3/3
   960 | D:2      | Reached skill level 4 in Axes
  1004 | D:2      | Reached XP level 4. HP: 31/31 MP: 4/4
  1158 | D:2      | Identified the +10 hand axe "Cumipt" {freeze, rN+ rCorr
                  | Dex+3 Stlth+}
  2341 | D:4      | Reached skill level 5 in Axes
  2341 | D:4      | Reached XP level 5. HP: 33/36 MP: 5/5
  2522 | D:4      | HP: 1/36 [orc wizard/+0 dagger (3)]
  2532 | D:4      | HP: 2/54 [something (1)]
  2687 | D:4      | Noticed an ogre
  2816 | D:4      | Reached skill level 6 in Axes
  2816 | D:4      | Reached XP level 6. HP: 41/42 MP: 6/6
  3427 | D:5      | Entered Level 5 of the Dungeon
  3428 | D:5      | Noticed Eustachio
  3696 | D:5      | Reached skill level 7 in Axes
  3737 | D:5      | Reached XP level 7. HP: 39/46 MP: 7/7
  3920 | D:5      | Found a radiant altar of Vehumet.
  3929 | D:5      | Found a glowing golden altar of the Shining One.
  4107 | D:6      | Noticed Edmund
  4112 | D:6      | Killed Edmund
  4113 | D:6      | Reached skill level 8 in Axes
  4221 | D:6      | Reached XP level 8. HP: 48/52 MP: 8/8
  4335 | D:6      | Reached skill level 9 in Axes
  4513 | D:6      | Noticed Jeremiah
  4751 | D:7      | Reached skill level 10 in Axes
  4801 | D:7      | Found a glowing silver altar of Zin.
  5029 | D:7      | Reached XP level 9. HP: 49/57 MP: 9/9
  5128 | D:7      | Reached skill level 11 in Axes
  5511 | D:7      | Found a staircase to the Ecumenical Temple.
  5520 | Temple   | Entered the Ecumenical Temple
  5533 | Temple   | Became a worshipper of Warmaster Okawaru
  5588 | D:8      | Found an ornate altar of the Wu Jian Council.
  5916 | D:6      | Killed Jeremiah
  5937 | D:6      | Reached * piety under Okawaru
  6367 | D:5      | Killed Eustachio
  6455 | D:8      | Reached skill level 12 in Axes
  6969 | D:8      | Reached XP level 10. HP: 59/63 MP: 10/10
  6973 | D:8      | Found a staircase to the Lair.
  7133 | D:8      | Reached ** piety under Okawaru
  7159 | D:8      | Reached skill level 5 in Dodging
  7259 | D:8      | Reached skill level 5 in Shields
  7272 | D:8      | Reached skill level 13 in Axes
  7285 | D:8      | Reached *** piety under Okawaru
  8326 | D:9      | Noticed Maggie
  8335 | D:9      | Mangled by Maggie

Illustrated notes

Levels and vault maps discovered:
D:1:      scummos_arrival_forest, layout_loops_ring, lemuel_flame_loot_1
D:2:      layout_basic, shapermc_ecumenical_altar_mp_highgroup
D:3:      layout_loops_corners
D:4:      layout_basic
D:5:      layout_cave_pools, mainiacjoe_overflow_swirl, uniq_eustachio
D:6:      layout_basic, serial_corexii_hall, chequers_hall_statues_corner_a,
          chequers_hall_statues_wall_a, uniq_jeremiah, uniq_edmund
D:7:      layout_basic, zin_academy, minmay_temple_entry_poolview,
          amcnicky_mini_pool_small
D:8:      layout_basic, lemuel_crystal_altar, erik_lair_orcish_takeover,
          minmay_chambers_of_fives
D:9:      minmay_flawed_box, layout_basic, minmay_circle_x, uniq_maggie
Temple:   nicolae_temple_bog_church

Skill      XL: |  1  2  3  4  5  6  7  8  9 10 |
---------------+-------------------------------+-----
Axes           | 3 4 5 6 7 8 10 12 13 | 13.3
Dodging        | 4 5 |  5.4
Shields        | 4 5 |  5.2
Fighting       | 4 |  4.6

Action                     |  1- 3 |  4- 6 |  7- 9 | 10-12 || total
---------------------------+-------+-------+-------+-------++-------
  Melee: War axe           |    31 |    62 |     5 |       ||    98
         Constrict         |    10 |    12 |    26 |    16 ||    64
         Tentacles         |     7 |    12 |    32 |    19 ||    70
         Punch             |     1 |       |     1 |     3 ||     5
         Hand axe          |       |       |   116 |    82 ||   198
  Throw: Dart              |       |     2 |    12 |     2 ||    16
 Invoke: Heroism           |       |       |     1 |     1 ||     2
  Evoke: Wand              |       |       |    15 |     5 ||    20
    Use: Potion            |       |     2 |     2 |       ||     4
   Stab: Sleeping          |     5 |     9 |     5 |       ||    19
         Distracted        |       |       |     1 |       ||     1
 Armour: Skin              |    10 |    17 |    35 |    20 ||    82
  Dodge: Dodged            |    18 |    39 |    50 |    26 ||   133
  Block: Buckler           |     5 |    11 |    25 |    13 ||    54

Table legend: (Time is in decaauts)
 A = Elapsed time spent in this place.
 B = Non-inter-level travel time spent in this place.
 C = Inter-level travel time spent in this place.
 D = Time resting spent in this place.
 E = Time spent auto-exploring this place.
 F = Levels seen in this place.
 G = Mean time per level.
                   A        B        C        D        E       F      G
               +--------+--------+--------+--------+--------+-----+--------+
         Total |   8303 |   7468 |    835 |   1300 |   4884 |  10 |  830.3 |
       Dungeon |   8267 |   7457 |    810 |   1300 |   4884 |   9 |  918.6 |
        Temple |     36 |     11 |     25 |      0 |      0 |   1 |   36.0 |
               +--------+--------+--------+--------+--------+-----+--------+

Top non-repeatable levels by time:
     D:8: 1389 daAuts
     D:4: 1375 daAuts
     D:7: 1006 daAuts
     D:6: 954 daAuts
     D:3: 928 daAuts
     D:1: 774 daAuts
     D:2: 747 daAuts
     D:5: 595 daAuts
     D:9: 496 daAuts
  Temple: 36 daAuts
